 Dungeon Crawl Stone Soup version 0.31.0-12-g77e489cdc1 (webtiles) character file.

Game seed: 3298440089635223108

3746 Vncvd the Covert (level 10, -8/68 HPs)
             Began as an Octopode Brigand on Feb 18, 2024.
             Was a Priest of Wu Jian.
             Mangled by a sea snake (shapeshifter) (24 damage)
             ... on level 8 of the Dungeon.
             The game lasted 00:11:59 (4772 turns).

Vncvd the Covert (Octopode Brigand)                 Turns: 4772, Time: 00:11:59

Health: -8/68      AC: -3    Str: 14    XL:     10   Next: 15%
Magic:  19/19      EV: 15    Int: 15    God:    Wu Jian [***...]
Gold:   363        SH:  0    Dex: 13    Spells: 9/9 levels left

rFire   . . .        k - +2 dagger (drain)
rCold   . . .        (no shield)
rNeg    . . .        (helmet restricted)
rPois   .            d - amulet of regeneration
rElec   .            t - +4 ring of slaying
rCorr   .            y - ring of willpower
SInv    .            i - ring of magical power
Will    +....        (no ring)
Stlth   ++++++       (no ring)
HPRegen 1.11/turn    (no ring)
MPRegen 0.16/turn    (no ring)
                     (no ring)

%: no passive effects
@: about to teleport, corroded
A: almost no armour, amphibious, 8 rings, camouflage 1, gelatinous body 1,
(nimble swimmer 1), tentacles
a: Renounce Religion, Wall Jump, Serpent's Lash


You were on level 8 of the Dungeon.
You worshipped Wu Jian.
Wu Jian was most pleased with you.
You visited 2 branches of the dungeon, and saw 9 of its levels.
You also visited: Sewer.

You collected 363 gold pieces.

Inventory:

Hand Weapons
 a - a +3 dagger
 k - a +2 dagger of draining (weapon)
Missiles
 b - 26 poisoned darts (quivered)
 c - 4 curare-tipped darts
Jewellery
 d - an amulet of regeneration (around mantle)
 i - a ring of magical power (on tentacle)
 t - a +4 ring of slaying (left tentacle)
 y - a ring of willpower (right tentacle)
Wands
 p - a wand of flame (24)
 w - a wand of roots (14)
Scrolls
 e - a scroll of enchant weapon
 h - a scroll of silence
 u - 11 scrolls of teleportation
 x - a scroll of poison
Potions
 f - a potion of enlightenment {unknown}
 g - a potion of lignification {unknown}
 j - 4 potions of mutation
 m - 2 potions of brilliance {unknown}
 o - a potion of heal wounds
 q - 2 potions of degeneration {unknown}
 v - a potion of ambrosia {unknown}
 z - 2 potions of attraction
 A - 2 potions of haste {unknown}
 B - a potion of invisibility
 C - a potion of might {unknown}


   Skills:
 + Level 5.8 Fighting
 * Level 7.8 Short Blades
 + Level 5.9 Throwing
 + Level 5.3 Dodging
 * Level 11.9 Stealth


You had 9 spell levels left.
You didn't know any spells.
Your spell library contained the following spells:

 Spells                   Type           Power      Damage    Failure   Level
 Summon Ice Beast         Ice/Summ       0%         N/A       63%         3
 Summon Mana Viper        Hex/Summ       0%         N/A       100%        5
 Monstrous Menagerie      Summ           0%         N/A       100%        7


Dungeon Overview and Level Annotations

Branches:
Dungeon (8/15)             Temple (1/1) D:4           Sewer (visited)
   Lair: D:8-11

Altars:
Ashenzari
Cheibriados
Dithmenos
Elyvilon
Fedhas
Gozag
Hepliaklqana
Kikubaaqudgha
Makhleb
Nemelex Xobeh
Okawaru
Qazlal
Ru
Sif Muna
Trog
Uskayaw
Vehumet
Wu Jian
Xom
Yredelemnul
Zin
The Shining One

Annotations:
D:4 3 runed translucent doors, 7tar4e's ghost, amateur FeBe


Innate Abilities, Weirdness & Mutations

You cannot wear most types of armour.
You are amphibious.
You can wear up to eight rings at the same time.
Your skin changes colour to match your surroundings (Stealth+).
Your rubbery body absorbs attacks. (AC +1, EV +1)
((You are camouflaged when in or above water. (Stealth+)))
You have tentacles for arms and can constrict up to eight enemies at once.


Message History

Your tentacle-slap misses the steam dragon.
You squeeze the steam dragon.
The steam dragon is severely wounded.
You hit the steam dragon but do no damage.
You drain the steam dragon. Your squeeze misses the steam dragon.
The steam dragon is severely wounded.
The steam dragon breathes steam at you. The ball of steam misses you.
You hear an angry hiss.
You barely miss the steam dragon. You squeeze the steam dragon.
You kill the steam dragon!
The Council accepts your kill.
You start resting.
You're standing in a cloud of steam!
You're standing in a cloud of steam!
Found a stone staircase leading up.
You start resting.
A sea snake comes into view.
Throw: 5 darts (curare)
Press: ? - help, Shift-Dir - straight line, f - sea snake
Aim: a sea snake (48% to hit)
You throw a curare-tipped dart.
The curare-tipped dart hits the sea snake.
The sea snake is poisoned.
The sea snake struggles to breathe.
The sea snake seems to slow down.
The sea snake is lightly wounded.
An acid dragon comes into view.
The sea snake misses you.
The acid dragon roars!
You hit the sea snake. You grab the sea snake.
The sea snake is moderately wounded.
You constrict the sea snake. The acid dragon spits acid at you.
The splash of acid hits you!!
* * * LOW HITPOINT WARNING * * *
The acid corrodes you!
As you read the scroll of teleportation, it crumbles to dust.
You feel strangely unstable.
You constrict the sea snake. The sea snake bites you!!
You die...

#.. ..# # .###.. .
...#.##. #.<...# ##
D...##..##
######..S....#
#......@# ##.......#
##........#
##.........#
#######..###.#####
..............#####...
#######.####..........
#.# #.######... #.#
#.#).......


You could see a sea snake (very poisoned, slow) and an acid dragon.

Vanquished Creatures
  A tengu conjurer (D:8)
  Sigmund (D:5)
  5 yaks (D:8)
  3 steam dragons
  2 black bears
  2 ogres
  A centaur (D:7)
  A phantom (D:6)
  6 kobold brigands
  A bullfrog (D:6)
  3 scorpions
  3 wights (D:6)
  A howler monkey (D:7)
  2 hounds (D:7)
  3 orc priests
  2 jellies
  4 iguanas
  6 orc wizards
  A sleepcap (D:7)
  Natasha (thrice) (D:3)
  9 adders
  2 shadow imps
  4 white imps
  4 ufetubi
  3 ribbon worms
  3 dart slugs
  22 orcs
  A ball python (D:1)
  12 endoplasms
  3 giant cockroaches
  7 goblins
  5 hobgoblins
  10 jackals
  3 quokkas
  7 bats
  8 frilled lizards
  30 kobolds
  11 rats
195 creatures vanquished.

Notes
Turn   | Place    | Note
-------+----------+-------------------------------------------
     0 | D:1      | Vncvd the Octopode Brigand began the quest for the Orb.
     0 | D:1      | Reached XP level 1. HP: 14/14 MP: 1/1
    66 | D:1      | Reached XP level 2. HP: 19/19 MP: 2/2
   265 | D:1      | Reached XP level 3. HP: 21/24 MP: 3/3
   511 | D:2      | Found a faded altar of an unknown god.
   886 | D:2      | Reached skill level 6 in Stealth
   928 | D:2      | Reached XP level 4. HP: 23/30 MP: 4/4
  1052 | D:3      | Noticed Natasha
  1060 | D:3      | Killed Natasha
  1061 | D:3      | Noticed Natasha
  1068 | D:3      | Killed Natasha
  1090 | D:3      | Reached XP level 5. HP: 35/35 MP: 5/5
  1320 | D:3      | Noticed Natasha
  1333 | D:3      | Killed Natasha
  1546 | D:4      | Found a bloodstained altar of Trog.
  1686 | D:4      | Found a staircase to the Ecumenical Temple.
  1695 | Temple   | Entered the Ecumenical Temple
  1709 | Temple   | Became a worshipper of the Wu Jian Council
  1792 | D:4      | Found a runed translucent gate.
  1792 | D:4      | Found a runed translucent gate.
  1795 | D:4      | Found a runed translucent gate.
  1796 | D:4      | Identified the +7 plate armour "Apsuh" {Int+5}
  1796 | D:4      | Noticed an orc warrior
  1796 | D:4      | Noticed 7tar4e's ghost (amateur FeBe)
  1797 | D:4      | Identified the +2 leather armour of Wrong Decisions {rCorr
                  | MP+9 Str+3 SInv}
  1935 | D:4      | Found a radiant altar of Vehumet.
  1937 | D:4      | Found a sacrificial altar of Ru.
  1939 | D:4      | Found a shimmering altar of Xom.
  1940 | D:4      | Found a glowing silver altar of Zin.
  2058 | D:4      | Found a glowing drain.
  2066 | Sewer    | Entered a sewer
  2116 | Sewer    | Noticed a kobold brigand
  2124 | Sewer    | Killed a kobold brigand
  2125 | Sewer    | Reached skill level 7 in Stealth
  2125 | Sewer    | Reached XP level 6. HP: 35/42 MP: 6/6
  2324 | Sewer    | Reached XP level 7. HP: 22/46 MP: 7/7
  2324 | Sewer    | Reached * piety under Wu Jian
  2473 | D:5      | Entered Level 5 of the Dungeon
  2658 | D:5      | Reached skill level 8 in Stealth
  2700 | D:5      | Noticed Sigmund
  2706 | D:5      | Killed Sigmund
  2725 | D:5      | Reached XP level 8. HP: 54/54 MP: 8/8
  3147 | D:5      | Reached skill level 5 in Short Blades
  3332 | D:6      | Reached skill level 9 in Stealth
  3781 | D:6      | Reached ** piety under Wu Jian
  3868 | D:6      | Reached skill level 10 in Stealth
  3868 | D:6      | Reached XP level 9. HP: 59/59 MP: 9/9
  4151 | D:7      | Reached skill level 5 in Fighting
  4151 | D:7      | Reached skill level 5 in Throwing
  4461 | D:7      | Reached *** piety under Wu Jian
  4600 | D:8      | Reached skill level 11 in Stealth
  4670 | D:8      | Reached skill level 5 in Dodging
  4675 | D:8      | Reached XP level 10. HP: 40/68 MP: 10/10
  4675 | D:8      | Noticed a tengu warrior
  4712 | D:8      | Noticed a cyan ugly thing
  4768 | D:8      | Noticed a sea snake
  4772 | D:8      | Mangled by a sea snake (shapeshifter)

Illustrated notes

Levels and vault maps discovered:
D:1:      dpeg_arrival_rooms_a, layout_rooms
D:2:      layout_rooms, nicolae_ecumenical_pavilion, st_stairs_5,
          grunt_ministairs_10, dreamdust_princess_bridge
D:3:      layout_rooms, minmay_cupped, uniq_natasha
D:4:      layout_cave_pools, grunt_temple_overflow_open,
          trog_three_pillars_becter, minmay_temple_entry_stoned_glass,
          biasface_ghost_orc_armoury, cheibrodos_sewer_entry_bend,
          chequers_hall_statues_wall_a, dk_noncrumbling_4,
          minmay_misc_feat_columns
D:5:      layout_loops_ring, uniq_sigmund
D:6:      layout_basic
D:7:      layout_rooms
D:8:      minmay_cut_squares, layout_rooms
Temple:   bh_familiar_temple

Skill      XL: |  1  2  3  4  5  6  7  8  9 |
---------------+----------------------------+-----
Stealth        | 6 7 8 10 11 | 11.9
Short Blades   | 3 4 6 7 |  7.8
Dodging        | 2 3 4 5 |  5.3
Fighting       | 3 4 5 |  5.8
Throwing       | 3 4 5 |  5.9

Action                     |  1- 3 |  4- 6 |  7- 9 | 10-12 || total
---------------------------+-------+-------+-------+-------++-------
  Melee: Dagger            |    79 |   116 |   232 |    16 ||   443
         Tentacles         |    12 |    21 |    67 |     2 ||   102
         Constrict         |    19 |    24 |    51 |     2 ||    96
         Punch             |     1 |       |     4 |       ||     5
  Throw: Dart              |     5 |    11 |    15 |     5 ||    36
         Throwing net      |       |       |     2 |       ||     2
Ability: Lunge             |       |    13 |    27 |     2 ||    42
         Whirlwind         |       |       |    19 |     1 ||    20
  Evoke: Wand              |       |       |     1 |       ||     1
    Use: Scroll            |       |       |    13 |     1 ||    14
         Potion            |       |       |     4 |       ||     4
   Stab: Sleeping          |     6 |    16 |    12 |       ||    34
         Held in net/web   |       |       |     1 |       ||     1
         Distracted        |       |       |     1 |       ||     1
         Invisible         |       |       |     1 |       ||     1
 Armour: Skin              |    39 |    48 |    84 |     8 ||   179
  Dodge: Dodged            |    34 |    51 |    80 |    10 ||   175
